 Dungeon Crawl Stone Soup version 0.17.1-2-g5865329 (webtiles) character file.

5427 Peloso the Blocker (level 10, -10/90 HPs)
             Began as a Minotaur Fighter on Feb 17, 2016.
             Was a Priest of Okawaru.
             Killed from afar by a guardian serpent (22 damage)
             ... with a bolt of poison
             ... on level 9 of the Dungeon.
             The game lasted 00:21:59 (7948 turns).

Peloso the Blocker (Minotaur Fighter)               Turns: 7948, Time: 00:21:59

Health: -10/90     AC: 21    Str: 25    XL:     10   Next: 40%
Magic:  9/9        EV: 15    Int:  5    God:    Okawaru [***...]
Gold:   505        SH: 15    Dex: 11    Spells: 0 memorised, 9 levels left

rFire  . . .     SeeInvis .     a - +1 long sword
rCold  . . .     Clarity  .     L - +0 plate armour
rNeg   . . .     SustAt   .     c - +1 shield
rPois  .         Gourm    .     (helmet restricted)
rElec  .         Spirit   .     K - +0 cloak
rCorr  .         Warding  .     i - +2 pair of gloves
rMut   .         Stasis   .     (no boots)
MR     .....                    C - amulet of faith
Stlth  ..........               p - +3 ring of evasion
                                D - +2 ring of strength

@: lethally poisoned (-10 -> -21), heroism, very slightly contaminated, slowed,
very slow, not resistant to hostile enchantments, extremely unstealthy
A: retaliatory headbutt, horns 2
a: Heroism, Renounce Religion


You were on level 9 of the Dungeon.
You worshipped Okawaru.
Okawaru was most pleased with you.
You were not hungry.

You visited 2 branches of the dungeon, and saw 10 of its levels.

You collected 505 gold pieces.

Inventory:

Hand Weapons
 a - a +1 long sword (weapon)
 s - a +2 whip of flaming
 I - a cursed +4 battleaxe of flaming
Armour
 b - a +0 scale mail
 c - a +1 shield (worn)
 i - a +2 pair of gloves (worn)
 J - a +0 chain mail
 K - a +0 cloak (worn)
 L - a +0 plate armour (worn)
Jewellery
 g - an uncursed ring of fire
 p - a +3 ring of evasion (right hand)
 B - an uncursed ring of protection from fire
 C - an amulet of faith (around neck)
 D - a +2 ring of strength (left hand)
Wands
 r - a wand of frost (20)
 z - a wand of paralysis (11)
Scrolls
 f - 2 scrolls of remove curse
 k - 3 scrolls of fear
 m - 2 scrolls of enchant weapon
 u - a scroll of fog
 y - 3 scrolls of blinking
 A - a scroll of enchant armour
 F - a scroll of amnesia
 N - a scroll of magic mapping
Potions
 d - 5 potions of magic
 n - 3 potions of curing
 o - 2 potions of brilliance
 q - 2 potions of flight
 v - 2 potions of heal wounds {unknown}
 w - a potion of cure mutation {unknown}
 x - 2 potions of poison {unknown}
 E - 4 potions of ambrosia {unknown}
 G - a potion of haste
 H - a potion of cancellation {unknown}
Books
 h - a book of Battle

   Spells                             Type                      Level
   a - Infusion                       Charms                       1
   b - Shroud of Golubria             Charms/Translocation         2
   c - Song of Slaying                Charms                       2
   d - Spectral Weapon                Hexes/Charms                 3
   e - Regeneration                   Charms/Necromancy            3
Comestibles
 e - 6 bread rations
 j - 2 meat rations
 l - a royal jelly
 t - 15 slices of pizza
 M - 10 chunks of flesh
 O - 2 beef jerkies
 P - 2 fruits


   Skills:
 + Level 8.5(13.5) Fighting
 + Level 8.7(13.7) Long Blades
 + Level 9.0(14.0) Armour
 + Level 7.0(12.0) Dodging
 + Level 1.2(6.2) Stealth
 + Level 10.0(15.0) Shields


You had 9 spell levels left.
You didn't know any spells.

Dungeon Overview and Level Annotations

Branches:
Dungeon (9/15)             Temple (1/1) D:6
   Lair: D:8-11         Orc: D:9-12

Altars:
Ashenzari
Dithmenos
Elyvilon
Fedhas
Gozag
Kikubaaqudgha
Makhleb
Nemelex Xobeh
Okawaru
Qazlal
Ru
Sif Muna
Trog
Vehumet
Yredelemnul
Zin
The Shining One

Shops:
D:4 !}%


Innate Abilities, Weirdness & Mutations

You reflexively headbutt those who attack you in melee.
You have a pair of horns on your head.


Message History

The guardian serpent coils itself and waves its upper body at you.
You feel as though you will be slow longer.
The guardian serpent closely misses you.
You furiously retaliate!
You headbutt the guardian serpent. The guardian serpent barely misses you.
The guardian serpent casts a spell at you.
The bolt of poison misses you. The guardian serpent hits you!
* * * LOW HITPOINT WARNING * * *
There is an open door, spattered with blood here.
The guardian serpent coils itself and waves its upper body at you.
The bolt of poison misses you.
Read which item? (? for menu, Esc to quit)
Blink to where?
Press: ? - help, Dir - move target cursor
As you read the scroll of blinking, it crumbles to dust.
Some of the chunks of flesh in your inventory have rotted away.
The guardian serpent casts a spell at you.
The bolt of poison hits you!
You are poisoned.
You die...

...### ..#
#...).รท...# .#####
#.# #######...# ....>#
#######.## ##'###
.....# #........###
#....# ....<#
##..........## #....#
.....#
.......<..#..####....#
.....+
#..(.....##....'....#
.....#
#........#######....#
.....# #.......@#
#....# .....#
#........# #....#
.....# #.......S#
#....# .....#
#######.## ######
##..# ##..## #..##
###'####### ######
#.........#


You could see a guardian serpent.

Vanquished Creatures
  Erolcha (D:8)
  The ghost of riffraff the Covered, a novice MiFi of Okawaru (D:7)
  Prince Ribbit (D:6)
  A human (D:9)
  A water moccasin (D:9)
  An ice beast (D:5)
  2 orc warriors
  A black bear (D:8)
  3 sky beasts
  2 phantoms
  4 ogres
  3 centaurs
  Blork the orc (D:6)
  6 giant frogs
  2 scorpions
  4 wights (D:7)
  12 orc wizards
  3 crimson imps
  7 orc priests
  A jelly (D:6)
  4 quasits
  A giant frog skeleton (D:6)
  A centaur skeleton (D:4)
  6 hounds
  5 iguanas
  9 worker ants
  4 sheep (D:9)
  2 hound skeletons (D:4)
  Robin (D:4)
  3 gnolls (D:5)
  10 adders
  A shadow imp (D:8)
  3 oozes
  2 adder skeletons
  6 giant geckos
  23 orcs
  5 bats
  A bat zombie (D:3)
  26 goblins
  8 hobgoblins
  11 jackals
  7 kobolds
  2 quokkas
  2 ball pythons
  7 giant cockroaches
  A giant gecko zombie (D:6)
  4 giant newts
  4 rats
  2 rat zombies (D:3)
218 creatures vanquished.

Vanquished Creatures (others)
  An orc wizard (D:3)
1 creature vanquished.

Grand Total: 219 creatures vanquished

Notes
Turn   | Place    | Note
--------------------------------------------------------------
     0 | D:1      | Peloso the Minotaur Fighter began the quest for the Orb.
     0 | D:1      | Reached XP level 1. HP: 19/19 MP: 0/0
    66 | D:1      | Reached XP level 2. HP: 21/27 MP: 1/1
   107 | D:1      | Reached skill level 4 in Shields
   549 | D:2      | Reached XP level 3. HP: 30/33 MP: 2/2
  1211 | D:3      | Reached XP level 4. HP: 31/40 MP: 3/3
  1225 | D:3      | Reached skill level 1 in Dodging
  1347 | D:3      | Reached XP level 5. HP: 21/46 MP: 4/4
  1746 | D:3      | Found an ancient bone altar of Kikubaaqudgha.
  1833 | D:3      | Reached skill level 5 in Shields
  2345 | D:4      | Found Inwooseh's Distillery.
  2363 | D:4      | Reached XP level 6. HP: 4/53 MP: 5/5
  2634 | D:4      | Reached skill level 5 in Armour
  2860 | D:4      | Reached XP level 7. HP: 48/60 MP: 6/6
  2896 | D:4      | Found Kuphipt's Food Emporium.
  2937 | D:4      | Found Xuokh's Gadget Shop.
  3024 | D:4      | Reached skill level 5 in Fighting
  3034 | D:4      | Reached skill level 1 in Stealth
  3067 | D:4      | Reached skill level 6 in Armour
  3352 | D:4      | Noticed Robin
  3365 | D:4      | Killed Robin
  3507 | D:4      | Reached skill level 5 in Long Blades
  3678 | D:5      | Entered Level 5 of the Dungeon
  3843 | D:5      | Reached XP level 8. HP: 50/69 MP: 7/7
  4540 | D:6      | Reached skill level 7 in Shields
  4587 | D:6      | Reached skill level 5 in Dodging
  4733 | D:6      | Noticed Prince Ribbit
  4741 | D:6      | Noticed Blork the orc
  4764 | D:6      | Killed Blork the orc
  4780 | D:6      | Killed Prince Ribbit
  4780 | D:6      | Reached XP level 9. HP: 65/78 MP: 8/8
  4845 | D:6      | Reached skill level 8 in Shields
  4900 | D:6      | Found a staircase to the Ecumenical Temple.
  4999 | Temple   | Entered the Ecumenical Temple
  5025 | Temple   | Became a worshipper of Warmaster Okawaru
  5209 | D:6      | Found a shattered altar of Ashenzari.
  5557 | D:7      | Noticed riffraff's ghost (novice MiFi)
  5597 | D:7      | Killed riffraff's ghost
  5606 | D:7      | Reached * piety under Okawaru
  5975 | D:7      | Reached skill level 9 in Shields
  6516 | D:7      | Reached ** piety under Okawaru
  6784 | D:8      | Reached XP level 10. HP: 52/88 MP: 9/9
  7128 | D:8      | Noticed Erolcha
  7137 | D:8      | Killed Erolcha
  7137 | D:8      | Reached *** piety under Okawaru
  7826 | D:9      | Reached skill level 10 in Shields
  7913 | D:9      | Noticed a guardian serpent
  7948 | D:9      | Killed from afar by a guardian serpent

Action                   |  1- 3 |  4- 6 |  7- 9 | 10-12 || total
-------------------------+-------+-------+-------+-------++-------
Melee: Long sword        |    91 |   137 |   447 |   107 ||   782
Invok: Heroism           |       |       |       |     1 ||     1
  Use: Potion            |       |     1 |       |     1 ||     2
       Scroll            |       |       |    16 |     3 ||    19
  Eat: Chunk             |     1 |     5 |    14 |     4 ||    24
